 Dungeon Crawl Stone Soup version 0.20.1-1-g8b1a95d (webtiles) character file.

108 equalderp2856 the Skirmisher (level 4, -9/41 HPs)
             Began as a Minotaur Fighter on Sept 28, 2017.
             Killed from afar by torrenera's ghost (23 damage)
             ... with a shard of ice
             ... on level 3 of the Dungeon.
             The game lasted 00:02:06 (1575 turns).

equalderp2856 the Skirmisher (Minotaur Fighter)     Turns: 1575, Time: 00:02:06

Health: -9/41      AC: 10    Str: 20    XL:     4   Next: 58%
Magic:  3/3        EV:  5    Int:  5    God:
Gold:   67         SH:  9    Dex: 11    Spells: 3/3 levels left

rFire    . . .     SeeInvis .   a - +0 war axe
rCold    . . .     Gourm    .   c - +0 shield
rNeg     . . .     Faith    .   j - +0 chain mail
rPois    .         Spirit   .   (helmet restricted)
rElec    .         Reflect  .   (no cloak)
rCorr    .         Harm     .   i - +0 pair of gloves
MR       .....                  (no boots)
Stlth    ..........             (no amulet)
Regen    0.2/turn               (no ring)
MPRegen  0.1/turn               (no ring)

@: no status effects
A: retaliatory headbutt, horns 2
a: no special abilities


You were on level 3 of the Dungeon.
You were not hungry.

You visited 1 branch of the dungeon, and saw 3 of its levels.

You collected 67 gold pieces.

Inventory:

Hand Weapons
 a - a +0 war axe (weapon)
Armour
 b - a +0 scale mail
 c - a +0 shield (worn)
 i - a +0 pair of gloves (worn)
 j - a +0 chain mail (worn)
Jewellery
 r - an uncursed amulet of faith {unknown}
Scrolls
 e - 5 scrolls of identify
 h - a scroll of noise {unknown}
 k - a scroll of remove curse {unknown}
 l - 3 scrolls of teleportation
 m - a scroll of amnesia {unknown}
 p - a scroll of immolation {unknown}
 q - a scroll of fog {unknown}
Potions
 d - 2 potions of might
Comestibles
 f - 2 bread rations
 g - 3 royal jellies
 n - 3 meat rations


   Skills:
 + Level 4.6 Fighting
 + Level 3.4 Axes
 + Level 4.2 Armour
 + Level 0.2 Dodging
 + Level 4.6 Shields


You had 3 spell levels left.
You didn't know any spells.

Dungeon Overview and Level Annotations

Branches:
Dungeon (3/15)

Altars:
Trog
Uskayaw

Annotations:
D:3 torrenera's ghost, novice DsIE


Innate Abilities, Weirdness & Mutations

You reflexively headbutt those who attack you in melee.
You have a pair of horns on your head.


Message History

You closely miss torrenera's ghost.
Torrenera's ghost is moderately damaged.
Torrenera's ghost hits you! Torrenera's ghost barely misses you.
You miss torrenera's ghost.
Torrenera's ghost is moderately damaged.
Torrenera's ghost casts a spell at you.
You are frozen.
You closely miss torrenera's ghost. Your headbutt misses torrenera's ghost.
Torrenera's ghost is moderately damaged.
Torrenera's ghost hits you but does no damage.
Torrenera's ghost casts a spell at you. The shard of ice hits you!
* * * LOW HITPOINT WARNING * * *
It was a potion of curing.
You feel better.
Torrenera's ghost mumbles some strange words.
Unknown command.
Torrenera's ghost casts a spell at you. The shard of ice hits you!
Ouch! That really hurt!
You die...

..#.....#..........#.##.###
# #.<...#..............)..#
#.....# .......######.#.#
#...### ...#..........#.#
#...# ..........####.#
#.... ........#....# ......
.#......#.#### .......
#......#.# ..#.#...
#[@....'.# ###+#......###
.(.........# .......W..##
...........# ......Y....#
...........# ...........#
..........#


You could see an ice beast and torrenera's ghost.

Vanquished Creatures
  Natasha (D:2)
  3 adders
  4 dart slugs
  2 leopard geckos
  3 giant cockroaches
  8 goblins
  3 hobgoblins
  6 kobolds
  A quokka (D:2)
  2 ball pythons
  6 bats
  3 frilled lizards (D:2)
  8 rats
50 creatures vanquished.

Notes
Turn   | Place    | Note
-------+----------+-------------------------------------------
     0 | D:1      | equalderp2856 the Minotaur Fighter began the quest for the Orb.
     0 | D:1      | Reached XP level 1. HP: 19/19 MP: 0/0
   333 | D:1      | Reached XP level 2. HP: 27/27 MP: 1/1
   630 | D:1      | Reached XP level 3. HP: 33/33 MP: 2/2
   950 | D:2      | Found a bloodstained altar of Trog.
  1009 | D:2      | Found a hide-covered altar of Uskayaw.
  1011 | D:2      | Noticed Natasha
  1014 | D:2      | Killed Natasha
  1014 | D:2      | Reached XP level 4. HP: 25/41 MP: 3/3
  1562 | D:3      | Noticed torrenera's ghost (novice DsIE)
  1573 | D:3      | HP: 2/41 [torrenera's ghost/shard of ice (18)]
  1575 | D:3      | Noticed an ice beast
  1575 | D:3      | Killed from afar by torrenera's ghost

Skill      XL: |  1  2  3 |
---------------+----------+-----
Fighting       | 4 |  4.6
Shields        | 4 |  4.6
Armour         | 4 |  4.2
Axes           | 3 |  3.4
Dodging        | |  0.2

Action                   |  1- 3 |  4- 6 || total
-------------------------+-------+-------++-------
Melee: War axe           |    60 |    48 ||   108
       Headbutt          |    12 |     7 ||    19
  Use: Scroll            |     1 |       ||     1
       Potion            |       |     1 ||     1
  Eat: Chunk             |       |     2 ||     2
Armor: Scale mail        |     8 |       ||     8
       Chain mail        |    23 |    27 ||    50
Dodge: Dodged            |    12 |    15 ||    27
Block: Shield            |    29 |    22 ||    51
